 Dungeon Crawl Stone Soup version 0.30-a0-639-g3916f1956a (webtiles) character file.

Game seed: 10837683514206385638

3985 wormed the Changer (level 10, -7/65 (68) HPs)
             Began as an Octopode Venom Mage on Jan 17, 2023.
             Was an Initiate of Gozag.
             Mangled by a wyvern (13 damage)
             ... on level 9 of the Dungeon.
             The game lasted 00:17:21 (9471 turns).

wormed the Changer (Octopode Venom Mage)            Turns: 9471, Time: 00:17:22

HP:   -7/65 (68)    AC:  1    Str:  9    XL:     10   Next: 22%
MP:   19/19         EV: 15    Int: 21    God:    Gozag
Gold: 262           SH:  0    Dex: 12    Spells: 15/22 levels left

rFire   + . .      SeeInvis .      - Unarmed
rCold   . . .      Faith    .    (no shield)
rNeg    . . .      Spirit   .    (helmet restricted)
rPois   .          Reflect  .    p - amulet of regeneration
rElec   .          Harm     .    j - ring of protection from fire
rCorr   +          Rampage  .    l - ring of resist corrosion
Will    +....                    o - ring of willpower
Stlth   +++                      (no ring)
HPRegen 1.10/turn                (no ring)
MPRegen 0.16/turn                (no ring)
                                 (no ring)
                                 (no ring)

@: lightly drained
A: almost no armour, amphibious, 8 rings, camouflage 1, gelatinous body 1,
(nimble swimmer 1), tentacles
a: Renounce Religion, Potion Petition, Call Merchant, Bribe Branch


You were on level 9 of the Dungeon.
You worshipped Gozag.
Gozag was aware of your devotion.
You visited 2 branches of the dungeon, and saw 10 of its levels.
You also visited: Sewer.

You collected 1270 gold pieces.
You spent 360 gold pieces at shops.
You paid 648 gold pieces to Gozag.

Inventory:

Missiles
 n - a throwing net
Jewellery
 j - a ring of protection from fire (left tentacle)
 l - a ring of resist corrosion (right tentacle)
 o - a ring of willpower (on tentacle)
 p - an amulet of regeneration (around mantle)
 t - a ring of ice
 u - an amulet of magic regeneration
Wands
 b - a wand of flame (5)
Scrolls
 e - 4 scrolls of enchant weapon
 m - 2 scrolls of enchant armour
 v - a scroll of teleportation
Potions
 a - 4 potions of magic
 c - 5 potions of attraction
 d - 3 potions of resistance {unknown}
 f - a potion of flight
 g - a potion of lignification {unknown}
 h - a potion of haste {unknown}
 i - 3 potions of degeneration {unknown}
 k - a potion of mutation {unknown}
 q - 2 potions of curing {unknown}
 r - a potion of cancellation {unknown}
 s - a potion of brilliance {unknown}


   Skills:
 + Level 6.0 Fighting
 + Level 6.4 Dodging
 - Level 2.6 Stealth
 + Level 6.0 Unarmed Combat
 + Level 6.5 Spellcasting
 + Level 6.9 Transmutations
 - Level 4.0 Poison Magic


You had 15 spell levels left.
You knew the following spells:

 Your Spells              Type           Power      Damage    Failure   Level
a - Sting                 Tmut/Pois      100%       1d8       1%          1
b - Poisonous Vapours     Pois/Air       30%        N/A       6%          2
c - Olgreb's Toxic Radia  Pois           23%        N/A       19%         4

Your spell library contained the following spells:

 Spells                   Type           Power      Damage    Failure   Level
 Cigotuvi's Dreadful Rot  Necr/Pois/Air  24%        N/A       9%          2
 Apportation              Tloc           12%        N/A       10%         1
 Necrotise                Necr           24%        1d5       10%         1
 Summon Small Mammal      Summ           24%        N/A       10%         1
 Mephitic Cloud           Conj/Pois/Air  12%        N/A       16%         3
 Dazzling Flash           Conj/Hex       12%        N/A       28%         3
 Vhi's Electric Charge    Tloc/Air       12%        N/A       28%         3
 Passage of Golubria      Tloc           6%         N/A       67%         4
 Agony                    Necr           6%         N/A       95%         5
 Arcjolt                  Conj/Air       3%         1d13      95%         5
 Silence                  Hex/Air        3%         N/A       95%         5
 Lehudib's Crystal Spear  Conj/Erth      3%         10d2      100%        8
 Maxwell's Capacitive Co  Air            3%         ∞         100%        8


Dungeon Overview and Level Annotations

Branches:
Dungeon (9/15)             Temple (1/1) D:4           Sewer (visited)
   Lair: D:8-11         Orc: D:9-12

Altars:
Ashenzari
Cheibriados
Dithmenos
Elyvilon
Fedhas
Gozag
Hepliaklqana
Kikubaaqudgha
Makhleb
Nemelex Xobeh
Okawaru
Qazlal
Ru
Sif Muna
Trog
Uskayaw
Vehumet
Wu Jian
Xom
Yredelemnul
Zin
The Shining One

Shops:
D:3 =   D:6 *   D:9 :

Annotations:
D:5 2 transporters, wormed's ghost, novice KoBr


Innate Abilities, Weirdness & Mutations

You cannot wear most types of armour.
You are amphibious.
You can wear up to eight rings at the same time.
Your skin changes colour to match your surroundings (Stealth+).
Your rubbery body absorbs attacks. (AC +1, EV +1)
((You are camouflaged when in or above water. (Stealth+)))
You have tentacles for arms and can constrict up to eight enemies at once.


Message History

There is an open door here.
You open the door.
There is an open door here.
There is an open door here.
You open the door.
There is an open door here.
You open the door.
There is an open door here.
You open the door.
There is an open door here.
There is an open door here.
A wyvern comes into view.
A wyvern is nearby!
A wyvern is nearby!
A wyvern is nearby!
Found a stone staircase leading up.
The helpless wyvern fails to defend itself.
You tentacle-slap the wyvern but do no damage.
You squeeze the wyvern, but do no damage.
The wyvern closely misses you.
You tentacle-slap the wyvern.
The wyvern is lightly wounded.
The wyvern bites you!!
You closely miss the wyvern. You squeeze the wyvern.
The wyvern is moderately wounded.
The wyvern bites you! The wyvern bites you!!
* * * LOW HITPOINT WARNING * * *
You tentacle-slap the wyvern.
The wyvern is heavily wounded.
The wyvern bites you.
* * * LOW HITPOINT WARNING * * *
You tentacle-slap the wyvern.
The wyvern is heavily wounded.
The wyvern bites you!
* * * LOW HITPOINT WARNING * * *
You tentacle-slap the wyvern.
The wyvern is heavily wounded.
The wyvern bites you!
You die...
Your body crumbles into a pile of gold.

#..#..#...#........
#..#..'...#........
#..#..#...#........
#..#..#...#........
####..#...#........
#.....#...# .......
#.....#...#
#.....#...#
#.@####...#
#..l..<...
#.........
########+#


You could see a wyvern.

Vanquished Creatures
  A kobold demonologist (D:9)
  A steam dragon (D:7)
  2 water moccasins (D:7)
  An orc warrior (D:7)
  2 ice beasts (D:7)
  A sky beast (D:7)
  A black bear (D:5)
  2 ogres (D:4)
  2 centaurs
  2 phantoms
  4 kobold brigands (Sewer)
  A gnoll sergeant (D:8)
  2 scorpions
  2 bullfrogs
  2 necrophages (D:5)
  9 wights
  9 killer bees
  5 howler monkeys
  3 jellies
  Jessica (D:2)
  7 iguanas
  2 orc wizards
  13 gnolls
  6 adders
  2 river rats (Sewer)
  2 shadow imps (D:5)
  3 white imps
  An ufetubus (D:4)
  2 worms
  2 dart slugs
  14 orcs
  14 ball pythons
  9 bats
  10 endoplasms
  7 giant cockroaches
  7 goblins
  9 hobgoblins
  6 jackals
  15 kobolds
  4 quokkas
  5 frilled lizards
  7 rats
  A spectral orc (D:5)
201 creatures vanquished.

Notes
Turn   | Place    | Note
-------+----------+-------------------------------------------
     0 | D:1      | wormed the Octopode Venom Mage began the quest for the Orb.
     0 | D:1      | Reached XP level 1. HP: 11/11 MP: 3/3
   135 | D:1      | Reached XP level 2. HP: 12/17 MP: 3/5
   147 | D:1      | Learned a level 2 spell: Poisonous Vapours
   327 | D:1      | Reached XP level 3. HP: 3/21 MP: 1/6
  1018 | D:2      | Noticed Jessica
  1037 | D:2      | Killed Jessica
  1038 | D:2      | Reached XP level 4. HP: 8/27 MP: 6/8
  1927 | D:3      | Reached XP level 5. HP: 21/32 MP: 5/10
  2003 | D:3      | Found a broken altar of Ashenzari.
  2780 | D:3      | Found Ikhofiar's Jewellery Shop.
  3144 | D:4      | Found a shimmering altar of Xom.
  3147 | D:4      | Found an opulent altar of Gozag.
  3149 | D:4      | Found a radiant altar of Vehumet.
  3161 | D:4      | Reached skill level 1 in Fighting
  3161 | D:4      | Reached skill level 1 in Unarmed Combat
  3279 | D:4      | Found a staircase to the Ecumenical Temple.
  3294 | Temple   | Entered the Ecumenical Temple
  3415 | D:4      | Became a worshipper of Gozag Ym Sagoz the Greedy
  3451 | D:4      | Noticed an ogre
  3470 | D:4      | Killed an ogre
  3471 | D:4      | Reached XP level 6. HP: 38/38 MP: 7/11
  3787 | D:5      | Entered Level 5 of the Dungeon
  3898 | D:5      | Reached XP level 7. HP: 14/45 MP: 9/13
  3902 | D:5      | HP: 2/45 [scorpion (1)]
  4033 | D:6      | Found Xebra's Assorted Antiques.
  4444 | D:6      | Found a glowing drain.
  4457 | Sewer    | Entered a sewer
  4571 | Sewer    | Reached XP level 8. HP: 38/52 MP: 14/14
  5536 | D:6      | Found a sacrificial altar of Ru.
  5655 | D:5      | Found a transporter.
  5655 | D:5      | Noticed wormed's ghost (novice KoBr)
  5713 | D:5      | Found a transporter.
  5884 | D:5      | Reached skill level 5 in Spellcasting
  5884 | D:5      | Reached skill level 5 in Transmutations
  6084 | D:3      | Bought an amulet of regeneration for 360 gold pieces
  6461 | D:5      | Found a shimmering blue altar of Sif Muna.
  6520 | D:5      | Found a basalt altar of Yredelemnul.
  6876 | D:6      | Found an iron altar of Okawaru.
  6876 | D:6      | Found a bloodstained altar of Trog.
  6990 | D:6      | Reached XP level 9. HP: 56/59 MP: 16/16
  7188 | D:7      | Reached skill level 5 in Dodging
  7482 | D:7      | Learned a level 4 spell: Olgreb's Toxic Radiance
  7843 | D:7      | HP: 3/60 [sky beast (6)]
  7934 | D:7      | Reached skill level 5 in Fighting
  7938 | D:7      | Reached skill level 5 in Unarmed Combat
  8854 | D:8      | Noticed a kobold demonologist
  8920 | D:8      | Reached XP level 10. HP: 57/67 MP: 19/19
  9215 | D:9      | Noticed a kobold demonologist
  9280 | D:9      | Noticed an orange demon
  9286 | D:9      | Killed a kobold demonologist
  9471 | D:9      | Mangled by a wyvern

Illustrated notes

Levels and vault maps discovered:
D:1:      minmay_arrival_five_plusses, layout_rooms,
          chequers_serial_rivers_micro_b
D:2:      minmay_chambers_of_twos, layout_basic, uniq_jessica
D:3:      layout_loops_corners, mainiacjoe_overflow_catwalk, serial_shops, shop,
          kennysheep_minor_cross, minmay_crystal_water
D:4:      layout_cave_pools, chequers_temple_overflow_statue_of_worship,
          minmay_temple_entry_mini_moons
D:5:      layout_layer_cave, mainiacjoe_overflow_alcove_4,
          yredelemnul_forgotten_temple_becter, gammafunk_ghost_arena
D:6:      layout_basic, mainiacjoe_overflow_tiny_flanked,
          grunt_temple_overflow_bloody_war, cheibrodos_sewer_entry_drain,
          serial_shops, nicolae_shop_statue_plus, minmay_misc_feat_hallway
D:7:      layout_basic
D:8:      layout_rooms, minmay_diamond_spiral
D:9:      cheibrodos_helix_gallery, layout_grid_maze, grunt_tough_drop,
          uniq_harold
Temple:   dshaligram_water_room_temple

Skill      XL: |  1  2  3  4  5  6  7  8  9 10 |
---------------+-------------------------------+-----
Poison Magic   | 4 |  4.0
Transmutations | 2 3 4 5 6 |  6.9
Spellcasting   | 3 4 5 6 |  6.5
Fighting       | 1 2 3 4 5 6 |  6.0
Unarmed Combat | 1 2 3 4 5 6 |  6.0
Dodging        | 3 4 6 |  6.4
Stealth        | |  2.6

Action                   |  1- 3 |  4- 6 |  7- 9 | 10-12 || total
-------------------------+-------+-------+-------+-------++-------
Melee: Unarmed           |    23 |    32 |   233 |    31 ||   319
       Tentacles         |     6 |     7 |    77 |    10 ||   100
       Constrict         |     5 |     8 |    36 |     4 ||    53
       Punch             |       |       |     7 |     2 ||     9
 Cast: Sting             |    71 |    88 |   119 |       ||   278
       Poisonous Vapours |     6 |    46 |    95 |     6 ||   153
       Olgreb's Toxic Ra |       |       |     6 |     2 ||     8
Invok: Call Merchant     |       |       |       |     1 ||     1
Evoke: Wand              |       |       |     4 |       ||     4
  Use: Scroll            |     1 |     5 |     8 |       ||    14
       Potion            |       |       |     6 |     1 ||     7
 Stab: Sleeping          |       |       |     5 |     1 ||     6
       Paralysed         |       |       |    15 |       ||    15
Armor: Skin              |     2 |    11 |     8 |       ||    21
Dodge: Dodged            |    31 |    46 |   180 |    24 ||   281

Table legend: (Time is in decaauts)
 A = Elapsed time spent in this place.
 B = Non-inter-level travel time spent in this place.
 C = Inter-level travel time spent in this place.
 D = Time resting spent in this place.
 E = Time spent auto-exploring this place.
 F = Levels seen in this place.
 G = Mean time per level.
                   A        B        C        D        E       F      G
               +--------+--------+--------+--------+--------+-----+--------+
         Total |   9459 |   9194 |    265 |    127 |   7103 |  11 |  859.9 |
       Dungeon |   8354 |   8101 |    253 |    127 |   6251 |   9 |  928.2 |
        Temple |     89 |     77 |     12 |      0 |     51 |   1 |   89.0 |
         Sewer |   1015 |   1015 |      0 |      0 |    801 |   1 | 1015.0 |
               +--------+--------+--------+--------+--------+-----+--------+

Top non-repeatable levels by time:
     D:3: 1324 daAuts
     D:7: 1276 daAuts
     D:5: 1189 daAuts
     D:2: 1065 daAuts
     D:6: 1038 daAuts
   Sewer: 1015 daAuts
     D:1: 730 daAuts
     D:4: 708 daAuts
     D:8: 602 daAuts
     D:9: 419 daAuts
  Temple: 89 daAuts
